[Event "Live Chess"]
[Site "Chess.com"]
[Date "2023.05.21"]
[Round "-"]
[White "KeithArkell"]
[Black "JackRudd"]
[Result "0-1"]
[WhiteElo "2479"]
[BlackElo "2479"]
[TimeControl "300"]
[EndTime "5:21:33 PDT"]
[Termination "JackRudd won by resignation"]

1. d4 Nf6 2. Nf3 g6 3. c4 Bg7 4. Nc3 O-O 5. g3 d6 6. Bg2 Nc6 7. O-O a6 8. b3 Rb8 9. Nd5 Nd7 10. Bb2 b5 11. Rc1 bxc4 12. Rxc4 Bb7 13. Qc2 Na5 14. e4 Nxc4 15. bxc4 c5 16. Bc3 cxd4 17. Bxd4 Bxd4 18.
Nxd4 e6 19. Ne3 Qf6 20. Rd1 Rfc8 21. Ne2 Ne5 22. Rxd6 Nf3+ 23. Kh1 Qe5 24. Bxf3 Qxd6 25. Ng4 h5 26. Nf6+ Kg7 27. Qc3 e5 28. Nd5 Bxd5 29.
exd5 Rb4 30. Kg2 Rcxc4 31. Qa3 e4 0-1

[Event "Live Chess"]
[Site "Chess.com"]
[Date "2023.05.21"]
[Round "-"]
[White "daveeeeR"]
[Black "LL220284LL"]
[Result "0-1"]
[WhiteElo "1295"]
[BlackElo "2299"]
[TimeControl "300"]
[EndTime "5:21:36 PDT"]
[Termination "LL220284LL won by resignation"]

1. d4 d5 2. Bf4 c5 3. Nf3 Nc6 4. c3 Qb6 5. Qc1 cxd4 6. Nxd4 Nxd4 7. cxd4 Qxd4 8. e3 Qb6 9. Be2 Nf6 10.
O-O e6 11. Nc3 Be7 12. b3 O-O 13. Qd2 Bd7 14. Rab1 Bb4 15. Be5 Ne4 16. Qd3 Nxc3 17. Bxc3 Rac8 18. Rfc1 Bxc3 19. Rxc3 Rxc3 20. Qxc3 Rc8 21.
Qd3 Qa5 22. h3 Qxa2 23. Bd1 Bb5 24. Qxb5 Qxb1 25. Qd7 Qxd1+ 26. Kh2 Qc1 27. Qxb7 Qc7+ 28. Qxc7 Rxc7 0-1

[Event "Live Chess"]
[Site "Chess.com"]
[Date "2023.05.21"]
[Round "-"]
[White "zdanevych"]
[Black "chessfiction"]
[Result "0-1"]
[WhiteElo "1524"]
[BlackElo "2313"]
[TimeControl "300"]
[EndTime "5:21:39 PDT"]
[Termination "chessfiction won by resignation"]

1. d4 d5 2. c4 e5 3. dxe5 d4 4.
Nf3 Nc6 5. e3 Bg4 6. Be2 Bb4+ 7.
Bd2 dxe3 8. Bxb4 exf2+ 9. Kxf2 Nxb4 10. Qxd8+ Rxd8 11. Nc3 Ne7 12. h3 Be6 13. a3 Nbc6 14. Nb5 Rd7 15. Rad1 a6 16. Rxd7 Kxd7 17. Rd1+ Kc8 18.
Nbd4 Nxd4 19. Nxd4 Ng6 20. Nxe6 fxe6 21. Bg4 Re8 22.
Re1 c6 23. Ke3 Nxe5 24. Kf4 Nd3+ 0-1

[Event "Live Chess"]
[Site "Chess.com"]
[Date "2023.05.21"]
[Round "-"]
[White "mattihelenius2"]
[Black "WelshTiger"]
[Result "0-1"]
[WhiteElo "491"]
[BlackElo "2291"]
[TimeControl "300"]
[EndTime "5:21:39 PDT"]
[Termination "WelshTiger won by resignation"]

1. d4 c5 2. e4 cxd4 3. Nf3 Nc6 4. Bb5 Qa5+ 5. Nc3 dxc3 6. Nd4 cxb2+ 7. Ke2 bxa1=Q 8. h4 Qxd4 9. g4 Qxe4+ 10. Kf1 Qxh1+ 11. Ke2 Qxb5+ 12. Qd3 Qxd3+ 0-1

[Event "Live Chess"]
[Site "Chess.com"]
[Date "2023.05.21"]
[Round "-"]
[White "onemoretime1975"]
[Black "Duke_of_Bebington"]
[Result "1-0"]
[WhiteElo "1856"]
[BlackElo "1582"]
[TimeControl "300"]
[EndTime "5:21:47 PDT"]
[Termination "onemoretime1975 won by resignation"]

1. e4 e5 2. Nf3 Nf6 3. Nc3 Nc6 4. Bb5 Nd4 5. d3 Nxb5 6. Nxb5 c6 7. Nc3 d6 8. Bg5 Be7 9. d4 h6 10. Bh4 exd4 11.
Nxd4 O-O 12. O-O Re8 13. Re1 Qb6 14. Nb3 Bg4 15. Qd4 c5 16. Qc4 Be6 17. Qb5 Qc7 18. Rad1 a6 19. Qf1 b5 20. f3 Bc4 21. Qf2 b4 22. Nb1 a5 23. N1d2 Bb5 24. c4 bxc3 25. bxc3 a4 26. Nc1 c4 27. Ne2 d5 28. Nd4 Ba6 29.
e5 Nd7 30. Bxe7 Rxe7 31. f4 Nc5 32. Nf5 Ree8 33. Qg3 g6 34. Nxh6+ Kg7 35. Ng4 Nd3 36.
Re2 Rab8 37. Nf6 Rh8 38. Nf3 Qb6+ 39. Nd4 Qd8 40. Qg5 Qg8 41. Nxg8 Rhxg8 1-0

[Event "Live Chess"]
[Site "Chess.com"]
[Date "2023.05.21"]
[Round "-"]
[White "f4nomore"]
[Black "TheAuditer"]
[Result "1-0"]
[WhiteElo "1403"]
[BlackElo "1385"]
[TimeControl "300"]
[EndTime "5:21:52 PDT"]
[Termination "f4nomore won on time"]

1. d4 d5 2. Bg5 Nf6 3. Bxf6 exf6 4. e3 Bf5 5. Nf3 c6 6. Be2 Bd6 7. O-O Nd7 8. Nbd2 O-O 9. c4 dxc4 10. Nxc4 Bc7 11. Qb3 Nb6 12. Rac1 Be6 13. Qc2 Nxc4 14. Bxc4 Bxc4 15. Qxc4 Qe7 16. h3 Kh8 17. d5 Rac8 18. dxc6 Bb6 19. Qb3 Rxc6 20. Rxc6 bxc6 21. Rc1 c5 22.
Nh4 Qe4 23. Nf3 Qb4 24. Qc2 Rd8 25. a3 Qb5 26. b3 Qd3 27. Qc4 Qxc4 28. Rxc4 Rd3 29.
b4 cxb4 30. axb4 g6 31. g3 Kg7 32. h4 Rb3 33. Nd2 Rb2 34. Ne4 a5 35. bxa5 Bxa5 36. Ra4 Be1 37. Ra6 f5 38. Ng5 1-0

[Event "Live Chess"]
[Site "Chess.com"]
[Date "2023.05.21"]
[Round "-"]
[White "ExIsambard"]
[Black "seasidecastle27"]
[Result "0-1"]
[WhiteElo "1900"]
[BlackElo "1891"]
[TimeControl "300"]
[EndTime "5:21:56 PDT"]
[Termination "seasidecastle27 won by checkmate"]

1. d4 d5 2. Nf3 e6 3. Bg5 Be7 4. h4 h6 5. Bxe7 Qxe7 6. c3 Nf6 7. e3 c5 8. Bd3 Nc6 9. Nbd2 e5 10. dxe5 Nxe5 11.
Nxe5 Qxe5 12. Nf3 Qe7 13. Qe2 a6 14. O-O-O Be6 15. Kb1 O-O-O 16. Ne5 Kb8 17. Bxa6 Bc8 18. f4 Ne4 19. Bb5 Ng3 20. Qc2 Nxh1 21. Rxh1 g6 22. Qa4 f6 23. Nxg6 Bf5+ 24. Ka1 Bxg6 25. Rd1 Be4 26.
g3 Rhg8 27. Qb3 Rxg3 28. Bc6 Rxe3 29. a4 d4 30. Bxe4 Qxe4 31. a5 Re1 32. a6 Rxd1+ 33. Qxd1 bxa6 34. Qb3+ Kc7 35. Qf7+ Rd7 36. Qxf6 dxc3 37.
Qxc3 Qd4 38. Qa5+ Kb7 39. f5 Qd1+ 40. Ka2 Qd5+ 41. Ka1 Qxf5 42. Qc3 Rd1+ 43. Ka2 Qd5+ 44. b3 Rd2+ 45. Ka3 Qd4 46. Qc1 Qb4# 0-1

[Event "Live Chess"]
[Site "Chess.com"]
[Date "2023.05.21"]
[Round "-"]
[White "Tushinskiy"]
[Black "Biranidun"]
[Result "0-1"]
[WhiteElo "2211"]
[BlackElo "2523"]
[TimeControl "300"]
[EndTime "5:22:13 PDT"]
[Termination "Biranidun won on time"]

1. d4 Nf6 2. c3 g6 3. Nf3 Bg7 4. Bf4 O-O 5. Bg3 b6 6. Nbd2 Bb7 7. e3 c5 8. Bd3 d6 9. Qe2 a6 10. O-O Nbd7 11. Rad1 b5 12. Rfe1 Re8 13. e4 Nh5 14. e5 Nxg3 15. hxg3 dxe5 16. dxe5 e6 17. Bc2 Qc7 18.
a4 Bc6 19. Bd3 c4 20. Bc2 Rad8 21. axb5 axb5 22. Nf1 Bxf3 23. gxf3 Nxe5 24. f4 Nd7 25. Ne3 Nc5 26. Rxd8 Rxd8 27. Rd1 Rxd1+ 28. Qxd1 h5 29.
Qa1 Qb7 30. Qa5 Bf6 31. Qa3 Be7 32. Qa1 Kg7 33. Qe1 h4 34. Ng4 h3 35. Ne3 Nd3 36. Qf1 Bc5 37. Kh2 Qf3 38. Bxd3 cxd3 39. Nd1 Qe2 40. Qg1 b4 41. Kxh3 b3 42. Kg2 Qc2 43. Qf1 f6 44. Kf3 Qd2 45. Kg2 Kf7 46. Kf3 Ke7 47. Kg2 Kd6 48. Kf3 e5 49. fxe5+ fxe5 50. Kg2 e4 51. Kg1 Qe2 52. Kg2 Qf3+ 53. Kh2 g5 54. c4 Bd4 55. Qe1 Ke6 56. Qa5 Be5 57. Qd5+ Kf6 58. Qd8+ Kg6 59. Qg8+ Bg7 60. Qe6+ Kh7 61.
Qh3+ Kg6 62. Qe6+ Bf6 63. Qg8+ Kf5 64. Ne3+ Qxe3 65. fxe3 Bxb2 66. Qd5+ Be5 67. Qf7+ Bf6 68. Qd5+ Be5 69. Qd7+ Kf6 70. Qc6+ Kf5 71. Qc8+ Kf6 72. Qf8+ Ke6 73. Qe8+ Kf5 74. Qf7+ Bf6 75. Qd5+ Kg6 76. Qxe4+ Kg7 77. Qxd3 b2 78. Qc3 Bxc3 79. c5 b1=Q 80. c6 Qc2+ 0-1

[Event "Live Chess"]
[Site "Chess.com"]
[Date "2023.05.21"]
[Round "-"]
[White "JoeyCage"]
[Black "ViktorTheCoolBoy"]
[Result "0-1"]
[WhiteElo "2258"]
[BlackElo "2476"]
[TimeControl "300"]
[EndTime "5:22:14 PDT"]
[Termination "ViktorTheCoolBoy won on time"]

1. e4 c6 2. d4 d5 3. e5 Bf5 4.
c4 e6 5. Nc3 h6 6. Be3 Ne7 7. c5 Bh7 8. Nge2 Nf5 9. Ng3 Nxe3 10. fxe3 Nd7 11. b4 f6 12. exf6 Qxf6 13. Bd3 Bxd3 14. Qxd3 e5 15. O-O-O e4 16. Qe2 Qg6 17. b5 h5 18. Rhf1 h4 19. Nf5 Rh5 20. g4 hxg3 21.
Nxg3 Rh8 22. Rf4 Be7 23. Rdf1 O-O-O 24. bxc6 Qxc6 25. Rf7 Bf6 26. Nf5 Kb8 27. Qb5 Nxc5 28. dxc5 Bxc3 29. Qxc6 bxc6 30. Rf2 Rdf8 31. Nd6 Rxf7 32.
Rxf7 Be5 33. Rb7+ Ka8 34. Re7 Bxd6 35. cxd6 Rd8 36. d7 Kb7 37. Rxg7 Kc7 38. Kc2 Rxd7 39. Rg2 Rh7 40. Kc3 c5 41. Rg5 Kc6 42. Rg6+ Kb5 43.
Rd6 Rh3 44. Rxd5 Rxe3+ 45. Kd2 Rh3 46. a4+ Kc4 47. Re5 Rxh2+ 48. Ke3 Kb4 49. Rxe4+ c4 50. Re6 a5 51. Rb6+ Kc3 52. Rb5 Rh8 53. Rxa5 Re8+ 54.
Kf2 Kd2 55. Rd5+ Kc2 56. a5 c3 57. a6 Kb2 58. Rb5+ Kc1 59. a7 Ra8 60. Ra5 c2 61.
Ke2 Re8+ 62. Kf2 Kb2 63. Rb5+ Kc3 64. Rc5+ Kb3 65. Rc7 Ra8 66. Ke2 Rxa7 67. Rxa7 c1=Q 68. Rb7+ Ka4 69. Ra7+ Kb5 70. Re7 Qc4+ 71. Ke1 Qb4+ 72.
Kd1 Qxe7 73. Kc2 Kc4 74. Kd2 Qe4 75. Kd1 Kc3 0-1

[Event "Live Chess"]
[Site "Chess.com"]
[Date "2023.05.21"]
[Round "-"]
[White "LiamClery2020"]
[Black "friarnator"]
[Result "1/2-1/2"]
[WhiteElo "1988"]
[BlackElo "2019"]
[TimeControl "300"]
[EndTime "5:22:14 PDT"]
[Termination "Game drawn by agreement"]

1. e4 d6 2. d4 Nf6 3. Nc3 g6 4. Be3 Bg7 5. f3 c6 6. Qd2 b5 7. Bh6 O-O 8. Bxg7 Kxg7 9. g4 h5 10. gxh5 Nxh5 11. Nge2 b4 12. Nd1 a5 13. Ng3 Nxg3 14. hxg3 Rh8 15. Rxh8 Kxh8 16. Qh6+ Kg8 17. Bd3 Qf8 18. Qh4 Ba6 19. Ne3 Bxd3 20. cxd3 Nd7 21.
O-O-O 1/2-1/2

[Event "Live Chess"]
[Site "Chess.com"]
[Date "2023.05.21"]
[Round "-"]
[White "davigator"]
[Black "BillythekidFellowes"]
[Result "0-1"]
[WhiteElo "2313"]
[BlackElo "2071"]
[TimeControl "300"]
[EndTime "5:23:05 PDT"]
[Termination "BillythekidFellowes won by checkmate"]

1. e4 Nc6 2. Bb5 d5 3. Bxc6+ bxc6 4. e5 f6 5. f4 Bf5 6. Nf3 e6 7. O-O c5 8. d3 c4 9. d4 c5 10. Be3 Qb6 11. b3 cxb3 12. axb3 Nh6 13. h3 Be7 14. Nc3 O-O 15. Na4 Qc6 16. dxc5 Be4 17. Nd2 Nf5 18.
Bf2 fxe5 19. fxe5 Rad8 20. Nxe4 dxe4 21. Qe2 Bg5 22. g4 Rd2 23. Qc4 e3 24. gxf5 exf2+ 25. Rxf2 Be3 26. Rf1 Bxf2+ 27. Rxf2 Rxf2 28. Kxf2 Rxf5+ 29. Ke1 Qh1+ 30. Kd2 Qg2+ 31. Kc1 Qc6 32. Qd4 Kf7 33. Qd6 Qxd6 34. exd6 Rd5 35. c4 Rd4 36. Kc2 e5 37. Kc3 g5 38. Nb2 h5 39. Nd3 Ke6 40. b4 g4 41. hxg4 hxg4 42. b5 g3 43. Ne1 Kd7 44.
Nf3 g2 45. Nxe5+ Kd8 46. Nf3 Rf4 47. Ng1 Rf1 48. b6 axb6 49. cxb6 Rxg1 50. c5 Rc1+ 51. Kb4 g1=Q 52. b7 Qxc5+ 53. Ka4 Ra1+ 54. Kb3 Ra3+ 55. Kb2 Qc3+ 56. Kb1 Ra1# 0-1

[Event "Live Chess"]
[Site "Chess.com"]
[Date "2023.05.21"]
[Round "-"]
[White "jbooth"]
[Black "hturner40"]
[Result "0-1"]
[WhiteElo "1660"]
[BlackElo "1778"]
[TimeControl "300"]
[EndTime "5:23:06 PDT"]
[Termination "hturner40 won by resignation"]

1. e4 Nc6 2. d4 e5 3. d5 Nce7 4. c4 Ng6 5. Be3 Bb4+ 6. Nc3 Bxc3+ 7. bxc3 d6 8. g3 b6 9. a4 a5 10. Ne2 Ba6 11. Nc1 Nf6 12. Bd3 Qd7 13. h4 Ng4 14.
Qf3 h5 15. Bd2 O-O 16. Kf1 Ne7 17. Kg2 f5 18. Qe2 fxe4 19. Bxe4 Rxf2+ 20. Qxf2 Nxf2 21. Kxf2 Rf8+ 22. Ke3 Bxc4 23. Nd3 Bxd3 24. Kxd3 Qg4 25. Rhg1 Nf5 26. Raf1 Nxg3 27. Rxf8+ Kxf8 28. Re1 Nxe4 29. Rxe4 Qf3+ 30. Be3 Ke7 31. c4 Kf6 32. Kd2 Qxe4 0-1

[Event "Live Chess"]
[Site "Chess.com"]
[Date "2023.05.21"]
[Round "-"]
[White "EdenHazard8"]
[Black "MartynColebrook"]
[Result "1-0"]
[WhiteElo "1948"]
[BlackElo "967"]
[TimeControl "300"]
[EndTime "5:23:12 PDT"]
[Termination "EdenHazard8 won by resignation"]

1. e4 d5 2. exd5 Qxd5 3. Nc3 Qa5 4. d4 e5 5. dxe5 Qxe5+ 6. Be2 Bg4 7. Nf3 Bxf3 8. gxf3 Bc5 9. Qd5 Qxd5 10. Nxd5 Kd7 11.
Bf4 Bd6 12. O-O-O Ne7 13. Nxc7 Kxc7 14. Bxd6+ Kd7 15. Bb5+ Ke6 16. Rhe1+ 1-0

[Event "Live Chess"]
[Site "Chess.com"]
[Date "2023.05.21"]
[Round "-"]
[White "LL220284LL"]
[Black "JackRudd"]
[Result "0-1"]
[WhiteElo "2295"]
[BlackElo "2486"]
[TimeControl "300"]
[EndTime "5:23:25 PDT"]
[Termination "JackRudd won by resignation"]

1. Nf3 Nf6 2. d4 g6 3. Bf4 Bg7 4. e3 O-O 5. h3 d6 6. Nbd2 Nfd7 7. e4 Nc6 8. c3 e5 9. Be3 Qe8 10. Bd3 f5 11. exf5 gxf5 12. O-O f4 13. Bc4+ Kh8 14.
dxe5 fxe3 15. Ne4 Ndxe5 16. Nxe5 Nxe5 17. Bb3 Qg6 18. Ng3 exf2+ 0-1

[Event "Live Chess"]
[Site "Chess.com"]
[Date "2023.05.21"]
[Round "-"]
[White "AbilifyXL"]
[Black "wot-not"]
[Result "1-0"]
[WhiteElo "1964"]
[BlackElo "1536"]
[TimeControl "300"]
[EndTime "5:23:29 PDT"]
[Termination "AbilifyXL won by resignation"]

1. d4 Nf6 2. c4 g6 3. Nc3 d5 4. Nf3 Bg7 5. Bg5 O-O 6. Bxf6 Bxf6 7. Nxd5 Bg7 8. e3 c5 9. Be2 cxd4 10. exd4 Bg4 11.
O-O Nc6 12. h3 Bxf3 13. Bxf3 Nxd4 14. Re1 Nxf3+ 15. Qxf3 e6 16. Nc3 b6 17. Rad1 Qf6 18. Qb7 Rfb8 19. Qe4 Rd8 20. Rxd8+ Rxd8 21. Qe2 Qg5 22.
Ne4 Qa5 23. b3 Bd4 24. Rd1 e5 25. Kh2 f5 26. Ng5 Rd6 27. Nf3 Qc5 28. Nxd4 Rxd4 29.
Re1 e4 30. Qe3 Qe5+ 31. Kh1 Rd3 32. Qxd3 Qc5 33. Qd5+ Qxd5 34. cxd5 1-0

[Event "Live Chess"]
[Site "Chess.com"]
[Date "2023.05.21"]
[Round "-"]
[White "Conradical12"]
[Black "rideuv21"]
[Result "0-1"]
[WhiteElo "1572"]
[BlackElo "1794"]
[TimeControl "300"]
[EndTime "5:23:33 PDT"]
[Termination "rideuv21 won by resignation"]

1. e4 c5 2. d4 cxd4 3. c3 Nf6 4. e5 Nd5 5. cxd4 d6 6. Nf3 Nc6 7. Bd2 Bg4 8. Be2 Bxf3 9. Bxf3 dxe5 10. O-O exd4 11.
Re1 e6 12. Qb3 Nb6 13. Bf4 Bd6 14. Bxd6 Qxd6 15. Nd2 O-O 16. Ne4 Qe7 17. Rad1 Rad8 18. a4 Nd5 19. Nd2 Nf4 20. Bxc6 bxc6 21. Qf3 Nd5 22.
Ne4 c5 23. Qg3 Nf6 24. Ng5 h6 25. Ne4 Nxe4 26. Rxe4 Qd6 27. Qg4 d3 28. Re3 Qa6 29.
Rg3 g6 30. h4 Rd4 31. Qf3 Qxa4 32. h5 g5 33. Rxd3 Rxd3 34. Qxd3 Qd4 35. Qf3 Rd8 36. Qb7 Qd7 37. Qe4 Qd5 38. Qa4 Qd1+ 39. Qxd1 Rxd1+ 40. Kh2 Rd2 41. Rb3 Rxf2 42. Kg3 Rc2 43. Kf3 c4 44. Rb4 c3 45. bxc3 Rxc3+ 46. Ke4 Ra3 47. Ke5 Kg7 48. g4 a5 49. Rb7 a4 50. Kd6 Ra1 51. Ke7 a3 52.
Ke8 Rf1 53. Ra7 Rf3 54. Kd8 e5 55. Re7 a2 56. Rxe5 a1=Q 0-1

[Event "Live Chess"]
[Site "Chess.com"]
[Date "2023.05.21"]
[Round "-"]
[White "BJAW87"]
[Black "MarkLim1"]
[Result "0-1"]
[WhiteElo "1450"]
[BlackElo "1702"]
[TimeControl "300"]
[EndTime "5:23:34 PDT"]
[Termination "MarkLim1 won by checkmate"]

1. e4 e6 2. Nc3 d5 3. exd5 exd5 4. d4 Nf6 5. Nf3 Be7 6. Bd3 Nc6 7. O-O O-O 8. Re1 Re8 9. Ng5 h6 10. Nh3 Bxh3 11. gxh3 Qd7 12. Qf3 Nxd4 13. Qg3 Bd6 14. Qg2 Rxe1+ 15. Bf1 Nh5 16. Bxh6 Rxa1 17. Nxd5 Ne2+ 18.
Kh1 Rxf1+ 19. Qxf1 gxh6 20. Qxe2 Qxh3 21. f3 Nf4 22. Nf6+ Kh8 23. Ng4 Nh5 24. Qd2 Qf1# 0-1

[Event "Live Chess"]
[Site "Chess.com"]
[Date "2023.05.21"]
[Round "-"]
[White "GwaryTek"]
[Black "Chesscoach_Golichenko"]
[Result "0-1"]
[WhiteElo "2062"]
[BlackElo "2613"]
[TimeControl "300"]
[EndTime "5:23:53 PDT"]
[Termination "Chesscoach_Golichenko won on time"]

1. d4 Nf6 2. c4 e6 3. Nc3 Bb4 4. Nf3 O-O 5. g3 d5 6. Bg2 a6 7. O-O dxc4 8. a4 Nc6 9. Re1 Rb8 10. e4 b5 11. axb5 axb5 12. e5 Nd5 13. Bd2 Bxc3 14.
bxc3 b4 15. Qc2 b3 16. Qe4 Nce7 17. Ng5 Ng6 18. h4 h6 19. h5 hxg5 20. hxg6 f5 21. exf6 Qxf6 22. Re2 b2 23. Rb1 Rb3 24. Qg4 Qxg6 25.
Be4 Rf5 26. Bxg5 Qxg5 27. Bxf5 Qxf5 0-1

[Event "Live Chess"]
[Site "Chess.com"]
[Date "2023.05.21"]
[Round "-"]
[White "raminguy"]
[Black "Nicckui"]
[Result "1-0"]
[WhiteElo "1955"]
[BlackElo "1773"]
[TimeControl "300"]
[EndTime "5:23:53 PDT"]
[Termination "raminguy won by checkmate"]

1. d4 Nf6 2. Nc3 e6 3. e4 c5 4. d5 d6 5. Nf3 exd5 6. exd5 Bf5 7. Bc4 g6 8. O-O Bg7 9. Re1+ Kf8 10. Bf4 a6 11. a4 Nh5 12. Bg5 Qb6 13. Qe2 Bxc3 14. bxc3 Nd7 15. Bh6+ Ng7 16. Qe7+ Kg8 17. Ng5 Rf8 18.
Rab1 Qd8 19. Rxb7 Ne5 20. Rxe5 dxe5 21. d6 Be6 22. Nxe6 Nxe6 23. Bxe6 Qxe7 24. Rxe7 Rb8 25. Bxf7# 1-0

[Event "Live Chess"]
[Site "Chess.com"]
[Date "2023.05.21"]
[Round "-"]
[White "garyjc"]
[Black "Pandreq"]
[Result "0-1"]
[WhiteElo "1041"]
[BlackElo "1216"]
[TimeControl "300"]
[EndTime "5:24:09 PDT"]
[Termination "Pandreq won on time"]

1. e4 Nf6 2. Nc3 Nc6 3. d4 d6 4. d5 Ne5 5. Nf3 Nfd7 6. Nxe5 Nxe5 7. Bg5 h6 8. Bh4 Ng6 9. Bg3 e5 10. Be2 c6 11. O-O cxd5 12. Nxd5 Be7 13. Qd2 O-O 14. a4 Bg5 15. Qd3 Be6 16. b4 Bxd5 17. Qxd5 b6 18. Bb5 Nf4 19. Bxf4 Bxf4 20. Rfd1 Rc8 21. c4 Qh4 22. g3 Qg5 23. Qxd6 Rcd8 24. Qc7 Rxd1+ 25.
Rxd1 Kh7 26. Qxa7 Qg6 27. Bc6 Rc8 28. Bb5 f5 29. Kf1 Bg5 30. c5 bxc5 31. exf5 Qxf5 32.
Bd3 e4 33. Bc2 Rf8 0-1

[Event "Live Chess"]
[Site "Chess.com"]
[Date "2023.05.21"]
[Round "-"]
[White "mattihelenius2"]
[Black "LiamClery2020"]
[Result "0-1"]
[WhiteElo "491"]
[BlackElo "1988"]
[TimeControl "300"]
[EndTime "5:24:17 PDT"]
[Termination "LiamClery2020 won by resignation"]

1. d4 Nf6 2. c4 g6 3. Nf3 Bg7 4. Ne5 d6 5. Bg5 dxe5 6. dxe5 Qxd1+ 7. Kxd1 Ne4 8. Be3 Nc6 9. Nc3 Nxc3+ 10. bxc3 Be6 11.
Kc2 O-O-O 12. Rd1 Bf5+ 13. Kc1 Rxd1+ 14. Kxd1 Bxe5 15. g3 Rd8+ 16. Kc1 Bxc3 0-1

[Event "Live Chess"]
[Site "Chess.com"]
[Date "2023.05.21"]
[Round "-"]
[White "Leonid_Starozhilov"]
[Black "Long1968"]
[Result "1-0"]
[WhiteElo "2633"]
[BlackElo "954"]
[TimeControl "300"]
[EndTime "5:24:35 PDT"]
[Termination "Leonid_Starozhilov won on time"]

1. e4 e6 2. d4 d5 3. Bd3 dxe4 4. Bxe4 Nf6 5. Bf3 c5 6. Ne2 cxd4 7. Qxd4 Be7 8. Qxd8+ Bxd8 9. O-O O-O 10. c4 Nc6 11. Nbc3 a6 12. Bxc6 bxc6 13. Be3 Ng4 14. Bc5 Re8 15.
Rfd1 Bb7 16. h3 Ne5 17. b3 Be7 18. Bxe7 Rxe7 19. Na4 Kf8 20. Nc5 Rb8 21. f4 Ng6 22. Nd7+ Rxd7 23. Rxd7 Ke8 24. Rad1 c5 25. Rc7 Nf8 26.
Nc3 Bc8 27. Ne4 Nd7 28. Nd6+ Kd8 29. Rxc8+ Rxc8 30. Nxc8 Kxc8 31. Kf2 1-0

[Event "Live Chess"]
[Site "Chess.com"]
[Date "2023.05.21"]
[Round "-"]
[White "domrobson"]
[Black "LiamBellwood"]
[Result "1-0"]
[WhiteElo "1741"]
[BlackElo "1913"]
[TimeControl "300"]
[EndTime "5:24:36 PDT"]
[Termination "domrobson won by resignation"]

1. d4 e6 2. c4 f5 3. g3 Nf6 4. Bg2 Be7 5. Nc3 O-O 6. Nf3 d6 7. O-O a5 8. b3 Ne4 9. Bb2 Nxc3 10. Bxc3 Qe8 11. Nd2 Qh5 12. f4 Bf6 13. e4 Qxd1 14.
Raxd1 c5 15. e5 Be7 16. exd6 Bxd6 17. dxc5 Bxc5+ 18. Kh1 Nc6 19. Nf3 a4 20. Ne5 Nxe5 21.
Bxe5 axb3 22. axb3 Ra3 23. Rb1 Bd7 24. b4 Be7 25.
Bxb7 Ra4 26. c5 Bb5 27. Rfd1 Bf6 28. c6 Bxe5 29. fxe5 Ba6 30. Bxa6 Rxa6 31. b5 Rb6 32. c7 1-0

[Event "Live Chess"]
[Site "Chess.com"]
[Date "2023.05.21"]
[Round "-"]
[White "diana21strabt"]
[Black "AMCWAML"]
[Result "0-1"]
[WhiteElo "1749"]
[BlackElo "2324"]
[TimeControl "300"]
[EndTime "5:24:59 PDT"]
[Termination "AMCWAML won by resignation"]

1. e4 c5 2. Nf3 e6 3. d4 cxd4 4. Nxd4 a6 5. Nc3 Qc7 6. Be2 b5 7. a3 Bb7 8. f3 Nf6 9. O-O d5 10. exd5 Nxd5 11. Nxd5 Bxd5 12. Be3 Be7 13. c3 O-O 14.
Bd3 Rd8 15. Bc2 Bc4 16. Re1 Nc6 17. Qb1 g6 18. Nxc6 Qxc6 19. Bd4 Bc5 20. Be4 Bd5 21. Bxd5 Rxd5 22. Qe4 Bxd4+ 23. cxd4 Qb6 24. Rad1 Rad8 25. Qh4 Rxd4 26. Rxd4 Rxd4 27. Qf2 Qd6 28. h3 Rd2 29.
Qa7 Rxb2 30. Rc1 Qd2 31. Qb8+ Kg7 32. Qe5+ f6 33. Rc7+ Kh6 34. Qg3 Qg5 35. Qxg5+ Kxg5 36. Rxh7 Ra2 37. Re7 e5 38. Kh2 Rxa3 39. Kg3 Kf5 40.
Rd7 a5 41. Rd5 Rb3 42. Kf2 a4 43. g4+ Kf4 44. Rd2 Rxf3+ 45. Kg2 Rg3+ 46. Kh2 Rb3 47.
Rf2+ Kg5 48. h4+ Kxh4 49. Rxf6 g5 50. Rh6+ Kxg4 51. Re6 Rb2+ 52. Kg1 Kf5 53. Rc6 a3 54. Ra6 a2 0-1

[Event "Live Chess"]
[Site "Chess.com"]
[Date "2023.05.21"]
[Round "-"]
[White "JanMur7"]
[Black "CrypticF1"]
[Result "1-0"]
[WhiteElo "1956"]
[BlackElo "446"]
[TimeControl "300"]
[EndTime "5:25:07 PDT"]
[Termination "JanMur7 won by checkmate"]

1. e4 c6 2. d3 d6 3. f4 Nf6 4.
Nf3 c5 5. g3 Nc6 6. Bg2 g6 7.
O-O Bg7 8. c3 O-O 9. h3 e5 10.
fxe5 dxe5 11. Be3 b6 12. Kh2 Be6 13. Nbd2 Qxd3 14. Re1 Nxe4 15. Bf1 Qd5 16. c4 Qd6 17. Nxe4 Qxd1 18. Raxd1 Rad8 19. b3 Rxd1 20. Rxd1 Rd8 21. Rxd8+ Nxd8 22. Nd6 Bf8 23. Nb5 a6 24. Nc7 Bd7 25.
Nxe5 Bc8 26. Nd5 Bd6 27. Nd3 Ne6 28. N3f4 Nxf4 29. Bxf4 Bxf4 30. Nxf4 g5 31. Nd5 f5 32. Ne7+ Kf7 33. Nxc8 Ke6 34. Nxb6 Ke5 35. Bd3 Kd4 36. Bxf5 Kc3 37. Nd7 Kb2 38. Nxc5 Kxa2 39. Nxa6 Kxb3 40.
Bxh7 Kxc4 41. h4 Kd4 42. hxg5 Ke5 43. g6 Kf6 44. g7 Kxg7 45. Be4 Kf6 46. Kh3 Kg5 47.
g4 Kf4 48. Kh4 Kxe4 49. g5 Kf5 50. Kh5 Ke6 51. g6 Kf6 52. Kh6 Ke7 53. g7 Kd6 54.
Kh7 Kc6 55. g8=Q Kb6 56. Qb3+ Kxa6 57. Qb4 Ka7 58. Qb5 Ka8 59. Kg7 Ka7 60. Kf7 Ka8 61.
Ke7 Ka7 62. Kd7 Ka8 63. Kc7 Ka7 64. Qb7# 1-0

[Event "Live Chess"]
[Site "Chess.com"]
[Date "2023.05.21"]
[Round "-"]
[White "OleksiyJr1"]
[Black "tpm07"]
[Result "0-1"]
[WhiteElo "1029"]
[BlackElo "1942"]
[TimeControl "300"]
[EndTime "5:25:14 PDT"]
[Termination "tpm07 won by resignation"]

1. e4 e5 2. Nf3 Nc6 3. Bc4 Nf6 4.
Nc3 Nxe4 5. Nxe4 d5 6. Bxd5 Qxd5 7. Nc3 Qa5 8. d3 Bg4 9. O-O O-O-O 10. Be3 f5 11. h3 Bh5 12. Bg5 Rd6 13. g4 fxg4 14.
hxg4 Bxg4 15. Qe2 Nd4 16. Qe4 Bxf3 0-1

[Event "Live Chess"]
[Site "Chess.com"]
[Date "2023.05.21"]
[Round "-"]
[White "Conradical12"]
[Black "MarkLim1"]
[Result "0-1"]
[WhiteElo "1567"]
[BlackElo "1707"]
[TimeControl "300"]
[EndTime "5:25:20 PDT"]
[Termination "MarkLim1 won by resignation"]

1. e4 e6 2. d4 d5 3. Nc3 Nf6 4.
e5 Nfd7 5. Nf3 c5 6. Bf4 Nc6 7. Be2 a6 8. a4 Qb6 9. Rb1 cxd4 10. Nxd4 Qxd4 11. Qxd4 Nxd4 12. O-O Nxc2 13. Bd3 Nb4 14. Ne2 Nxd3 0-1

[Event "Live Chess"]
[Site "Chess.com"]
[Date "2023.05.21"]
[Round "-"]
[White "Oleg03082013"]
[Black "SupremeTactician"]
[Result "0-1"]
[WhiteElo "1123"]
[BlackElo "2239"]
[TimeControl "300"]
[EndTime "5:25:25 PDT"]
[Termination "SupremeTactician won by resignation"]

1. e4 e5 2. Nf3 Nc6 3. Bc4 Bc5 4. Nc3 Nf6 5. d3 d6 6. Bg5 Be6 7. Bxe6 fxe6 8. O-O O-O 9. Qd2 Qe8 10. Bxf6 Rxf6 11. Nh4 Qf7 12. Qg5 Rxf2 13. Rxf2 Qxf2+ 14. Kh1 Rf8 15. Nf3 Nd4 16. Rg1 Nxf3 17. gxf3 Qxf3+ 18. Rg2 Qf1+ 19. Rg1 Bxg1 20. Qxg1 Qxg1+ 21. Kxg1 Rf4 22. Kg2 g5 23. Ne2 Rf6 24. Kg3 Kf7 25. Ng1 Kg6 26. Nf3 h5 27. h3 Rf4 28. h4 gxh4+ 29. Nxh4+ Kf6 30. Ng2 Rg4+ 31. Kf3 Kg5 32. Ne1 h4 33. Ke3 h3 34.
Nf3+ Kh5 35. Kf2 Rf4 36. Kg3 Rxf3+ 37. Kxf3 Kh4 38. Kf2 Kg4 39. Kg1 Kf3 40. Kh2 Ke2 41. Kxh3 Kd2 42. Kg4 Kxc2 43. Kg5 Kxd3 44. Kf6 Kxe4 45.
Kxe6 Kd4 46. Kd7 e4 47. Kxc7 e3 48. Kxb7 e2 49. Kxa7 e1=Q 50. b4 Qa1 51. b5 Qxa2+ 52. Kb6 Qb3 53. Kc6 Kc4 54. b6 d5 55. b7 d4 56. Kc7 d3 57. b8=Q Qxb8+ 58. Kxb8 d2 0-1

[Event "Live Chess"]
[Site "Chess.com"]
[Date "2023.05.21"]
[Round "-"]
[White "MartynColebrook"]
[Black "LL220284LL"]
[Result "0-1"]
[WhiteElo "967"]
[BlackElo "2295"]
[TimeControl "300"]
[EndTime "5:25:32 PDT"]
[Termination "LL220284LL won by checkmate"]

1. e4 d5 2. exd5 Qxd5 3. Nf3 Nf6 4. Nc3 Qa5 5. Bc4 Bg4 6. d4 c6 7. Bd2 Qc7 8. Qe2 Nbd7 9. O-O-O e6 10. Qd3 Bd6 11. Rhe1 O-O 12. h3 Bf5 13. Qe3 b5 14. Bb3 b4 15. Ne2 Nd5 16. Bxd5 cxd5 17. Nf4 Qxc2# 0-1